 Dungeon Sprint DCSS version 0.19-a0-1490-g5dd3618 (webtiles) character file.

2343 poirepourri the Unseen (level 9, -1/39 HPs)
             Began as a Spriggan Enchanter on Sept 8, 2016.
             Was a Follower of Dithmenos.
             Shot with an arrow by a centaur warrior (21 damage)
             ... in the Dungeon (Sprint I: "Red Sonja").
             The game lasted 00:02:24 (1191 turns).

poirepourri the Unseen (Spriggan Enchanter)         Turns: 1191, Time: 00:02:25

Health: -1/39      AC:  3    Str:  4    XL:     9   Next: 20%
Magic:  21/25      EV: 27    Int: 16    God:    Dithmenos [*.....]
Gold:   755        SH:  0    Dex: 20    Spells: 5 memorised, 18 levels left

rFire  . . .     SeeInvis +     a - +1 dagger
rCold  . . .     Gourm    .     b - +1 robe
rNeg   . . .     Faith    .     (shield restricted)
rPois  .         Spirit   .     (helmet restricted)
rElec  .         Dismiss  .     (no cloak)
rCorr  .         Reflect  .     (gloves unavailable)
MR     +....     Harm     .     (boots unavailable)
Stlth  +++++++++. NoTele   +    (no amulet)
                                (no ring)
                                (no ring)

@: wreathed by umbra, very quick
A: unfitting armour, see invisible, herbivore 3, speed 3, slow metabolism 2
a: Renounce Religion


You were in the Dungeon.
You worshipped Dithmenos.
Dithmenos was aware of your devotion.
You were not hungry.

You visited 1 branch You collected 755 gold pieces.

Inventory:

Hand Weapons
 a - a +1 dagger (weapon)
 k - a +4 blowgun
Missiles
 l - 9 curare-tipped needles
Armour
 b - a +1 robe (worn)
Wands
 i - a wand of enslavement (14/24)
Scrolls
 j - a scroll of blinking
Potions
 e - a potion of curing
 f - a potion of heal wounds
 g - a potion of flight {unknown}
 h - 2 potions of magic
 m - a potion of agility {unknown}
Books
 c - a book of Maledictions

   Spells                             Type                      Level
   a - Corona                         Hexes                        1
   b - Ensorcelled Hibernation        Hexes/Ice                    2
   c - Confuse                        Hexes                        3
   d - Tukima's Dance                 Hexes                        3
   e - Dazzling Spray                 Conjuration/Hexes            3
Comestibles
 d - a bread ration


   Skills:
 + Level 3.4 Short Blades
 + Level 10.4 Dodging
 + Level 18.6 Stealth
 + Level 11.2 Spellcasting
 + Level 13.6 Hexes
 - Level 2.0 Ice Magic


You had 18 spell levels left.
You knew the following spells:

 Your Spells              Type           Power        Failure   Level  Hunger
a - Corona                Hex            ######.      1%          1    None
b - Ensorcelled Hibernat  Hex/Ice        ####..       1%          2    None
c - Confuse               Hex            ######..     1%          3    None
d - Tukima's Dance        Hex            ######..     1%          3    None
e - Dazzling Spray        Conj/Hex       ####..       1%          3    None


Dungeon Overview and Level Annotations

Branches:
Dungeon (1/1)

Altars:
Cheibriados
Dithmenos
Elyvilon
Fedhas
Gozag
Hepliaklqana
Kikubaaqudgha
Makhleb
Nemelex Xobeh
Okawaru
Qazlal
Ru
Sif Muna
Trog
Uskayaw
Vehumet
Xom
Yredelemnul
Zin
The Shining One
Jiyva
Lugonu

Shops:
D ![


Innate Abilities, Weirdness & Mutations

You are tiny and cannot use many weapons and most armour.
You have supernaturally acute eyesight. (SInv)
You are a herbivore.
You cover ground extremely quickly.
You need consume almost no food.


Message History

The giant eyeball's view fixates on you.
There is an open door here.
The centaur warrior wields a shortbow.
The centaur warrior shoots an arrow.
The arrow hits you!!
Casting: Ensorcelled Hibernation
Confirm with . or Enter, or press ? or * to list all spells.
Aiming: Ensorcelled Hibernation
Press: ? - help, Shift-Dir - straight line, f - centaur warrior
Aim: a centaur warrior, wielding a shortbow (chance to defeat MR: 45%)
The centaur warrior resists with some effort.
The centaur warrior shoots an arrow.
The arrow closely misses you.
Casting: Ensorcelled Hibernation
Confirm with . or Enter, or press ? or * to list all spells.
Aiming: Ensorcelled Hibernation
Press: ? - help, Shift-Dir - straight line, f/p - centaur warrior
Aim: a centaur warrior, wielding a shortbow (chance to defeat MR: 45%)
The centaur warrior resists with some effort.
The centaur warrior shoots an arrow.
The arrow hits you!!
Ouch! That really hurt!
You die...

######################
#<.#..').#.)'(.#__#..'
#..'..#..'..#..'..'..#
#..#####'#####'#__####
#..####..#...#)####
#..#__####..##.#§§§§
#..#_____##'#(.'§§§§
#⌠⌠#_.∩...'..)_#≈§§§
####_..__##_@#'##§###
#_____###'#(#.§))###
#########.####'###.##
.GG..'c..'÷....'%∩#
''####...##########
##.## #'# !$!


$!$:$ You could see a centaur warrior.

Vanquished Creatures
  A centaur warrior (D)
  Sonja (D)
  A deep troll (D)
  A slime creature (D)
  Sigmund (D)
  A yak (D)
  An ogre (D)
  A jelly (D)
  Ijyb (D)
  A ballistomycete (D)
10 creatures vanquished.

Vanquished Creatures (others)
  2 ballistomycetes (D)
  2 giant spores (D)
4 creatures vanquished.

Grand Total: 14 creatures vanquished

Notes
Turn   | Place    | Note
-------+----------+-------------------------------------------
     0 | D        | poirepourri the Spriggan Enchanter began the quest for the Orb.
     0 | D        | Reached XP level 1. HP: 9/9 MP: 5/5
     2 | D        | Noticed Ijyb
    25 | D        | Killed Ijyb
    25 | D        | Reached skill level 7 in Stealth
    25 | D        | Reached skill level 5 in Hexes
    25 | D        | Reached XP level 2. HP: 2/13 MP: 5/7
   299 | D        | Learned a level 2 spell: Ensorcelled Hibernation
   307 | D        | Noticed an ogre
   309 | D        | Killed an ogre
   309 | D        | Reached skill level 5 in Dodging
   309 | D        | Reached skill level 8 in Stealth
   309 | D        | Reached XP level 3. HP: 16/16 MP: 6/10
   309 | D        | Reached XP level 4. HP: 21/21 MP: 6/11
   421 | D        | Noticed Sigmund
   424 | D        | Killed Sigmund
   424 | D        | Reached skill level 11 in Stealth
   424 | D        | Reached XP level 5. HP: 24/24 MP: 11/14
   452 | D        | Learned a level 3 spell: Confuse
   456 | D        | Learned a level 3 spell: Tukima's Dance
   460 | D        | Learned a level 3 spell: Dazzling Spray
   461 | D        | Found a deep blue altar of Sif Muna.
   463 | D        | Found a radiant altar of Vehumet.
   468 | D        | Reached skill level 10 in Hexes
   468 | D        | Reached skill level 1 in Ice Magic
   468 | D        | Reached XP level 6. HP: 28/28 MP: 11/16
   508 | D        | Found Sibles's Distillery.
   508 | D        | Found an ancient bone altar of Kikubaaqudgha.
   508 | D        | Found a hazy altar of Hepliaklqana.
   508 | D        | Found a stormy altar of Qazlal.
   508 | D        | Found a hide-covered altar of Uskayaw.
   508 | D        | Found a blossoming altar of Fedhas.
   508 | D        | Found a bloodstained altar of Trog.
   508 | D        | Found an iron altar of Okawaru.
   508 | D        | Found a basalt altar of Yredelemnul.
   508 | D        | Found a glowing golden altar of the Shining One.
   508 | D        | Found a snail-covered altar of Cheibriados.
   508 | D        | Found a sacrificial altar of Ru.
   508 | D        | Found a glowing silver altar of Zin.
   508 | D        | Found a shadowy altar of Dithmenos.
   508 | D        | Found a white marble altar of Elyvilon.
   508 | D        | Noticed a yak
   509 | D        | Found an opulent altar of Gozag.
   510 | D        | Killed a yak
   510 | D        | Reached skill level 13 in Stealth
   511 | D        | Found a sparkling altar of Nemelex Xobeh.
   519 | D        | Became a worshipper of Dithmenos the Shadowed
   540 | D        | Noticed Sonja
   546 | D        | Killed Sonja
   546 | D        | Reached skill level 15 in Stealth
   546 | D        | Reached XP level 7. HP: 32/32 MP: 16/20
   546 | D        | Reached XP level 8. HP: 36/36 MP: 16/21
   597 | D        | Found a burning altar of Makhleb.
   597 | D        | Found a viscous altar of Jiyva.
   597 | D        | Found a shimmering altar of Xom.
   597 | D        | Found a corrupted altar of Lugonu.
   597 | D        | Noticed a slime creature
   620 | D        | Killed a slime creature
   620 | D        | Reached skill level 16 in Stealth
   787 | D        | Noticed a deep troll
   794 | D        | Killed a deep troll
   794 | D        | Reached * piety under Dithmenos
   794 | D        | Reached skill level 10 in Dodging
   794 | D        | Reached skill level 17 in Stealth
   794 | D        | Reached skill level 10 in Spellcasting
   826 | D        | Found Leimn's Armour Emporium.
   871 | D        | Noticed a centaur warrior
  1071 | D        | Noticed a centaur warrior
  1076 | D        | Killed a centaur warrior
  1076 | D        | Reached skill level 18 in Stealth
  1076 | D        | Reached XP level 9. HP: 26/39 MP: 21/25
  1187 | D        | Noticed a shining eye
  1191 | D        | Shot with an arrow by a centaur warrior

Vault maps used:
D:        dungeon_sprint_1

Skill      XL: |  1  2  3  4  5  6  7  8 |
---------------+-------------------------+-----
Dodging        | 4 5 6 7 9 10 | 10.4
Stealth        | 7 8 11 15 18 | 18.6
Spellcasting   | 3 4 6 8 11 | 11.2
Hexes          | 5 7 9 10 12 13 | 13.6
Ice Magic      | 1 2 |  2.0
Short Blades   | 2 3 |  3.4

Action                   |  1- 3 |  4- 6 |  7- 9 || total
-------------------------+-------+-------+-------++-------
Melee: Dagger            |    14 |     4 |    25 ||    43
 Cast: Ensorcelled Hiber |     1 |     3 |     4 ||     8
       Confuse           |       |       |     3 ||     3
  Use: Potion            |     2 |       |       ||     2
 Stab: Sleeping          |     1 |     4 |     2 ||     7
       Confused          |       |       |     3 ||     3
Armor: Robe              |     1 |     1 |       ||     2
Dodge: Dodged            |     6 |       |     2 ||     8
